Map: Blackpink LE

Players

lllllllllllI - Winner!

  • Race: Protoss Protoss
  • League: Master
  • Spawn Location: 7:00

Хапочка

  • Race: Zerg Zerg
  • League: Master
  • Spawn Location: 1:00

VOD

Have the link to the VOD?

Description

Time

  • Played on: Dec. 23, 2017, 3:58 p.m.
  • Length: 17:57
Show
View Real Time Build Order
Export as new Build Order

lllllllllllI Protoss - Winner!

Build Orders:  

Get SALT Encoding   

  12  0:00  Probe  
  13  0:13  Probe  
  14  0:17  Pylon  
  14  0:25  Probe  
  15  0:37  Probe  
  15  0:41  Forge  
  16  0:49  Probe  
  17  1:01  Probe  
  18  1:04  Pylon  
  18  1:23  Photon Cannon  
  18  1:24  Photon Cannon  
  18  1:28  Pylon  
  18  1:29  Pylon  
  18  1:38  Gateway  
  18  1:44  Probe  
  19  1:54  Assimilator  
  19  1:56  Probe  
  19  1:57  Assimilator  
  20  2:08  Probe  
  21  2:20  Probe (Chrono Boost)  
  22  2:26  Cybernetics Core  
  22  2:29  Photon Cannon  
  22  2:33  Probe (Chrono Boost)  
  23  2:41  Probe (Chrono Boost)  
  26  2:49  Pylon  
  26  3:02  Nexus  
  24  3:07  Pylon  
  24  3:24  Photon Cannon  
  23  3:31  Photon Cannon  
  23  3:34  Shield Battery  
  23  3:42  Stargate  
  23  3:53  Stargate  
  23  4:04  Shield Battery  
  23  4:08  Photon Cannon  
  23  4:14  Assimilator  
  23  4:16  Probe  
  22  4:47  Void Ray  
  26  4:53  Probe  
  26  4:59  Assimilator  
  27  5:05  Probe  
  28  5:08  Void Ray (Chrono Boost)  
  28  5:12  Photon Cannon  
  32  5:27  Probe  
  33  5:30  Void Ray (Chrono Boost)  
  37  5:40  Probe (Chrono Boost)  
  38  5:43  Probe (Chrono Boost)  
  39  5:54  Probe (Chrono Boost)  
  39  5:55  Probe (Chrono Boost)  
  41  6:00  Pylon  
  41  6:10  Probe  
  42  6:12  Void Ray (Chrono Boost)  
  42  6:17  Probe  
  47  6:23  Probe  
  47  6:24  Photon Cannon  
  48  6:34  Shield Battery  
  48  6:36  Probe  
  48  6:38  Probe  
  50  6:48  Probe, Void Ray  
  50  6:50  Probe  
  60  7:28  Photon Cannon  
  60  7:29  Pylon  
  56  7:39  Fleet Beacon  
  54  7:58  Probe, Assimilator  
  55  8:04  Stargate  
  55  8:07  Photon Cannon  
  56  8:13  Probe (Chrono Boost)  
  56  8:14  Probe (Chrono Boost)  
  57  8:23  Probe (Chrono Boost), Pylon  
  58  8:30  Pylon  
  58  8:31  Pylon  
  58  8:43  Tempest x2 (Chrono Boost)  
  58  8:48  Tempest (Chrono Boost)  
  76  9:29  Tempest (Chrono Boost)  
  82  9:31  Pylon  
  82  9:32  Pylon  
  82  9:49  Tempest x2  
  94  9:54  Pylon  
  94  9:55  Pylon  
  94  9:58  Pylon  
  94  10:07  Tempest  
  100  10:32  Tempest x2  
  118  11:31  Carrier x3  
  111  12:24  Stargate  
  111  12:36  Nexus  
  111  12:37  Pylon  
  107  12:56  Carrier  
  113  12:58  Pylon  
  113  13:02  Assimilator  
  113  13:04  Carrier x2  
  125  13:06  Assimilator  
  125  13:09  Photon Cannon  
  125  13:10  Photon Cannon  
  125  13:11  Photon Cannon  
  125  13:27  Carrier (Chrono Boost)  
  125  13:33  Pylon  
  131  13:35  Pylon  
  131  13:37  Pylon  
  131  13:47  Pylon  
  130  14:13  Mothership (Chrono Boost)  
  138  14:29  Carrier (Chrono Boost)  
  144  15:15  Nexus  
  143  15:22  Oracle (Chrono Boost)  
Show
View Real Time Build Order
Export as new Build Order

Хапочка Zerg 

Build Orders: Pool First 

Get SALT Encoding   

  12  0:00  Drone  
  13  0:08  Drone  
  14  0:15  Extractor  
  14  0:17  Drone  
  14  0:33  Spawning Pool  
  14  0:35  Drone  
  14  0:44  Overlord  
  14  0:50  Extractor  
  14  0:53  Drone  
  15  1:20  Zergling x6, Metabolic Boost  
  18  1:29  Queen  
  20  1:33  Zergling x2  
  21  1:45  Zergling x2  
  21  1:55  Zergling x2  
  20  2:03  Zergling x2  
  20  2:04  Evolution Chamber  
  20  2:06  Spine Crawler  
  20  2:07  Spine Crawler  
  18  2:14  Zergling x2  
  19  2:26  Zergling x2  
  20  2:35  Zergling x2  
  21  2:37  Zergling x2  
  21  2:39  Overlord  
  21  2:41  Extractor  
  21  2:42  Zergling x2  
  23  3:00  Zergling x4  
  24  3:24  Zergling x2  
  24  3:25  Zergling x2  
  26  3:39  Drone  
  26  3:41  Drone  
  28  3:42  Hatchery  
  28  3:45  Drone x2  
  29  3:54  Overlord  
  29  4:12  Queen  
  29  4:14  Overlord  
  29  4:43  Drone  
  29  4:45  Drone  
  30  4:46  Drone x3  
  30  4:47  Drone x2  
  30  4:50  Drone  
  36  4:55  Drone  
  37  5:00  Drone  
  37  5:05  Drone  
  39  5:11  Drone  
  40  5:17  Drone  
  41  5:21  Drone x2  
  41  5:23  Drone  
  41  5:25  Hatchery  
  41  5:27  Drone  
  41  5:28  Drone  
  45  5:29  Drone  
  46  5:38  Drone x3  
  49  5:44  Spore Crawler  
  49  5:46  Spore Crawler  
  49  5:47  Drone  
  49  5:48  Drone  
  49  5:51  Queen  
  51  6:05  Baneling Nest, Drone  
  51  6:10  Extractor, Drone  
  51  6:11  Overlord  
  51  6:29  Queen  
  51  6:30  Drone x4  
  51  6:32  Drone x2  
  59  6:37  Queen  
  60  6:47  Spore Crawler  
  60  6:49  Spore Crawler  
  60  6:51  Spore Crawler, Lair  
  57  6:54  Baneling  
  57  6:55  Baneling x3  
  57  6:58  Baneling  
  54  7:05  Queen  
  57  7:09  Spore Crawler  
  57  7:15  Spore Crawler  
  53  7:16  Spore Crawler  
  53  7:20  Spore Crawler  
  53  7:22  Baneling x2  
  49  7:23  Baneling x2  
  49  7:29  Drone x10  
  63  7:30  Drone x6  
  63  7:32  Extractor  
  63  7:34  Extractor  
  56  7:55  Hydralisk Den  
  55  8:08  Zerg Missile Weapons Level 1  
  55  8:09  Hatchery  
  55  8:12  Drone  
  55  8:13  Drone x3  
  55  8:14  Hatchery  
  57  8:25  Overlord x3, Muscular Augments  
  57  8:37  Hydralisk  
  60  8:43  Hydralisk x6  
  71  8:49  Hydralisk  
  71  8:52  Hydralisk  
  75  9:04  Extractor  
  73  9:10  Hydralisk  
  73  9:13  Extractor  
  73  9:14  Drone  
  73  9:15  Drone  
  76  9:20  Overlord x3  
  76  9:25  Hatchery  
  76  9:28  Overlord  
  76  9:30  Overlord  
  75  9:47  Extractor  
  75  9:49  Extractor  
  75  9:50  Drone x3  
  75  9:51  Drone x3  
  79  10:03  Hydralisk x5  
  89  10:08  Hydralisk  
  89  10:19  Spore Crawler  
  88  10:28  Hydralisk x4  
  93  10:40  Hydralisk x2  
  93  10:42  Extractor  
  91  10:44  Drone  
  91  10:45  Drone x2  
  83  11:10  Hydralisk x3  
  83  11:11  Hydralisk  
  89  11:25  Zerg Missile Weapons Level 2  
  88  11:31  Drone  
  88  11:40  Drone  
  88  11:41  Drone  
  90  11:51  Drone  
  90  11:52  Drone x2  
  93  12:19  Drone x3  
  96  12:29  Hatchery  
  89  12:48  Hydralisk x2  
  89  12:50  Hydralisk  
  89  12:51  Hatchery  
  94  12:58  Hydralisk  
  96  13:09  Hydralisk  
  98  13:16  Hydralisk  
  100  13:28  Overlord  
  100  13:31  Overlord  
  100  13:50  Hydralisk  
  100  13:51  Hydralisk  
  100  13:54  Hydralisk  
  96  14:02  Hydralisk  
  86  14:04  Hydralisk  
  86  14:07  Hydralisk  
  86  14:15  Hydralisk  
  76  14:20  Hydralisk x2  
  80  14:26  Drone  
  80  14:27  Drone x2  
  80  14:31  Drone x2  
  84  14:33  Drone  
  84  14:35  Drone  
  87  14:46  Hydralisk x2  
  87  14:50  Hydralisk  
  93  14:56  Hydralisk  
  95  15:08  Spore Crawler  
  95  15:10  Hydralisk  
  95  15:12  Hydralisk  
  98  15:14  Spore Crawler, Hydralisk  
  98  15:19  Hydralisk  
  101  15:24  Drone x2  
  101  15:25  Drone  
  101  15:28  Drone x2  
  106  15:31  Drone, Extractor  
  106  15:32  Drone, Extractor  
  106  15:34  Drone  
  107  15:36  Drone  
  107  15:37  Drone  
  107  15:40  Drone  
  107  15:41  Drone  
  111  15:43  Drone  
  111  15:46  Hydralisk  
  114  15:50  Pneumatized Carapace  
  114  15:52  Hydralisk  
  116  15:57  Drone  
  116  15:58  Drone  
  116  16:00  Extractor  
  116  16:01  Extractor, Drone x2  
  116  16:02  Drone  
  119  16:04  Drone  
  119  16:05  Drone  
  119  16:07  Drone  
  122  16:13  Hydralisk  
  122  16:14  Hydralisk  
  120  16:35  Hydralisk x5  
  99  16:45  Hydralisk  
  99  16:46  Hydralisk  
  83  16:52  Hydralisk  
Tags
 
Matchup
PvZ
Opening
Pool First
Spawn Locations
Cross Positions
Add a new tag
Caveats
  • Supply blocks, unpowered buildings, or Contaminate may cause inaccurate times.
  • Supply counts are checked every 10 seconds.